 Dungeon Crawl Stone Soup version 0.21-a0-630-g344d351 (webtiles) character file.

1885 KristoblXynda the Infuser (level 8, -2/37 HPs)
             Began as a Spriggan Skald on Dec 26, 2017.
             Slain by a hippogriff (7 damage)
             ... on level 7 of the Dungeon.
             The game lasted 00:15:54 (6986 turns).

KristoblXynda the Infuser (Spriggan Skald)          Turns: 6986, Time: 00:15:55

Health: -2/37      AC:  4    Str:  8    XL:     8   Next: 92%
Magic:  19/19      EV: 20    Int: 16    God:
Gold:   158        SH:  0    Dex: 15    Spells: 14/21 levels left

rFire    . . .     SeeInvis +   w - +1 dagger (elec)
rCold    . . .     Gourm    .   (shield restricted)
rNeg     . . .     Faith    .   b - +1 robe
rPois    .         Spirit   .   (helmet restricted)
rElec    .         Reflect  .   y - +0 cloak
rCorr    +         Harm     .   (gloves unavailable)
MR       +....                  (boots unavailable)
Stlth    ++++......             e - amulet of magic regeneration
HPRegen  0.12/turn              u - ring of resist corrosion
MPRegen  0.41/turn              (no ring)

@: about to teleport, very quick
A: very small, unfitting armour, see invisible, herbivore, speed 3, slow
metabolism 2
a: no special abilities


You were on level 7 of the Dungeon.
You were not hungry.

You visited 1 branch of the dungeon, and saw 7 of its levels.

You collected 248 gold pieces.
You spent 90 gold pieces at shops.

Inventory:

Hand Weapons
 v - a cursed +0 blowgun
 w - a +1 dagger of electrocution (weapon)
 E - the +5 rapier "Habirekk" {freeze, -Tele rN++ Str+4}
   (You found it on level 6 of the Dungeon)

   It has been specially enchanted to freeze those struck by it, causing extra
   injury to most foes and up to half again as much damage against particularly
   susceptible opponents.
   It can also slow down cold-blooded creatures.
   It affects your strength (+4).
   It greatly protects you from negative energy.
   It prevents most forms of teleportation.
Missiles
 x - 7 poisoned needles
Armour
 b - a +1 robe (worn)
 y - a +0 cloak (worn)
Jewellery
 e - an amulet of magic regeneration (around neck)
 u - a ring of resist corrosion (left hand)
Wands
 p - a wand of disintegration (1)
 D - a wand of iceblast (3)
Scrolls
 a - a scroll of remove curse
 f - a scroll of fog
 h - a scroll of amnesia
 j - a scroll of enchant weapon {unknown}
 k - a scroll of fear {unknown}
 m - a scroll of magic mapping
 n - 2 scrolls of immolation
 o - a scroll of noise {unknown}
 r - a scroll of random uselessness {unknown}
Potions
 g - 2 potions of agility {unknown}
 l - 2 potions of heal wounds {unknown}
 q - 2 potions of magic
 s - a potion of brilliance {unknown}
 t - 2 potions of mutation
 z - a potion of might {unknown}
 A - a potion of curing
 B - a potion of berserk rage {unknown}
 C - 2 potions of haste {unknown}
 F - a potion of ambrosia {unknown}
Books
 c - a book of Battle

   Spells                             Type                      Level
   a - Infusion                       Charms                       1
   b - Shroud of Golubria             Charms/Translocation         2
   c - Song of Slaying                Charms                       2
   d - Spectral Weapon                Hexes/Charms                 3
   e - Regeneration                   Charms/Necromancy            3
 G - a book of Minor Magic

   Spells                             Type                      Level
   a - Magic Dart                     Conjuration                  1
   b - Blink                          Translocation                2
   c - Call Imp                       Summoning                    2
   d - Slow                           Hexes                        2
   e - Conjure Flame                  Conjuration/Fire             3
   f - Mephitic Cloud                 Conjuration/Poison/Air       3
Comestibles
 d - 13 rations


   Skills:
 - Level 1.5 Fighting
 + Level 6.6 Short Blades
 - Level 5.2 Dodging
 + Level 8.5 Stealth
 + Level 7.1 Spellcasting
 + Level 9.3 Charms


You had 14 spell levels left.
You knew the following spells:

 Your Spells              Type           Power        Failure   Level  Hunger
a - Infusion              Chrm           ####         1%          1    None
b - Regeneration          Chrm/Necr      ###.......   5%          3    ##.....
c - Spectral Weapon       Hex/Chrm       ###.....     5%          3    ##.....


Dungeon Overview and Level Annotations

Branches:
Dungeon (7/15)             Temple (0/1) D:7

Altars:
Kikubaaqudgha
Makhleb
Qazlal
Trog
Zin

Shops:
D:5 %


Innate Abilities, Weirdness & Mutations

You are very small and have problems with some larger weapons.
You are too small for most types of armour.
You have supernaturally acute eyesight. (SInv)
You are a herbivore.
You cover ground extremely quickly.
You need consume almost no food.


Message History

You start resting.
As you read the scroll labeled MOYH CUPIOPH, it crumbles to dust.
You feel blessed for a moment.
It was a scroll of remove curse.
Unknown command.
As you read the scroll labeled SYPIVE LUMPUXA, it crumbles to dust.
You feel aware of your surroundings.
You sensed 1 altar, and 1 shop/portal.
It was a scroll of magic mapping.
An ice beast and an ogre come into view.
The ogre shouts!
You hear a shout!
The ice beast misses you. The centaur closely misses you.
The centaur wields a shortbow.
The centaur shoots an arrow.
The arrow hits you.
A hippogriff comes into view.
The hippogriff screeches!
The centaur shoots an arrow.
The arrow hits you!
You see here an arrow.
As you read the scroll of teleportation, it crumbles to dust.
You feel strangely unstable.
The centaur shoots an arrow.
The arrow hits you!
* * * LOW HITPOINT WARNING * * *
The hippogriff bites you!
You die...

**,*,* *,8,,∩, *,,*,* ***,***
**,,*,*****,* * *,,,,,,,,,,,* *
*,,*,,,,,,*** * #####*####
*,,*,**,,,***** ....##...#
*,,,,**,,<,,,,, ###......#
#######.####*,,****** # ####...#
#.c(@H......,,,* # *#.##
#Y####.#####**,** #
#.#####.###*,# *,,,** #
#.........##.# *,,,,* #
#######O.(...# **⌠,⌠,* # #######
#.......# *,,_,,* # #.....#
#..#a##.#****,⌠,⌠*****
####.....###..#....#,,,,,,,,,,,,,
.............[#.....,,,,,,,,,,,,,


You could see a hippogriff, an ice beast and a centaur.

Vanquished Creatures
  A hippogriff (D:7)
  Menkaure (D:7)
  Duvessa (D:6)
  2 orc warriors (D:6)
  A sky beast (D:5)
  A phantom (D:2)
  A centaur (D:5)
  A bullfrog (D:5)
  A scorpion (D:6)
  Dowan (D:6)
  5 wights (D:6)
  A howler monkey (D:6)
  The ghost of DEFE the Vexing, a weakling DEAM (D:3)
  A jelly (D:6)
  Crazy Yiuf (D:7)
  A centaur skeleton (D:2)
  A hound (D:6)
  2 orc wizards (D:6)
  An iguana (D:4)
  Natasha (thrice) (D:2)
  5 worker ants
  A hound skeleton (D:5)
  7 adders
  3 gnolls (D:4)
  4 worms
  2 dart slugs
  6 leopard geckos
  15 orcs
  4 giant cockroaches
  5 goblins
  6 hobgoblins
  7 kobolds
  2 quokkas
  3 ball pythons
  6 bats
  3 frilled lizards (D:5)
  A quokka skeleton (D:6)
  3 rats
111 creatures vanquished.

Notes
Turn   | Place    | Note
-------+----------+-------------------------------------------
     0 | D:1      | KristoblXynda the Spriggan Skald began the quest for the Orb.
     0 | D:1      | Reached XP level 1. HP: 10/10 MP: 5/5
   342 | D:1      | Reached XP level 2. HP: 14/14 MP: 6/6
  1362 | D:2      | Found a stormy altar of Qazlal.
  1362 | D:2      | Noticed an air elemental
  1364 | D:2      | Noticed a water elemental
  1364 | D:2      | Noticed an earth elemental
  1364 | D:2      | Noticed a fire elemental
  1414 | D:2      | Noticed a phantom
  1692 | D:2      | Reached skill level 5 in Charms
  1692 | D:2      | Reached XP level 3. HP: 18/18 MP: 4/8
  1697 | D:2      | Learned a level 3 spell: Regeneration
  1701 | D:2      | Learned a level 3 spell: Spectral Weapon
  1819 | D:2      | Noticed Natasha
  1834 | D:2      | Killed Natasha
  1834 | D:2      | Reached skill level 1 in Stealth
  2054 | D:2      | Noticed Natasha
  2210 | D:2      | Reached XP level 4. HP: 20/22 MP: 4/9
  2316 | D:2      | Killed a phantom
  2316 | D:2      | Reached skill level 5 in Dodging
  2316 | D:2      | Reached XP level 5. HP: 18/25 MP: 4/11
  2548 | D:2      | Killed Natasha
  2660 | D:2      | Noticed Natasha
  2670 | D:2      | Killed Natasha
  2670 | D:2      | Reached skill level 6 in Charms
  3784 | D:3      | Reached XP level 6. HP: 30/30 MP: 9/12
  3801 | D:3      | Noticed DEFE's ghost (weakling DEAM)
  3817 | D:3      | Killed DEFE's ghost
  4336 | D:4      | Found Zin's Purification Station.
  4340 | D:4      | Found a glowing silver altar of Zin.
  4345 | D:4      | Bought a potion of curing for 90 gold pieces
  4647 | D:4      | Found a bloodstained altar of Trog.
  5094 | D:5      | Entered Level 5 of the Dungeon
  5101 | D:5      | Found an ancient bone altar of Kikubaaqudgha.
  5212 | D:5      | Reached XP level 7. HP: 29/33 MP: 11/15
  5343 | D:5      | Reached skill level 5 in Stealth
  5343 | D:5      | Reached skill level 7 in Charms
  5344 | D:5      | Found Jowutos's Food Shop.
  5373 | D:5      | Reached skill level 5 in Spellcasting
  5697 | D:6      | Reached skill level 5 in Short Blades
  5701 | D:6      | Got a translucent rapier
  5702 | D:6      | Identified the +5 rapier "Habirekk" {freeze, -Tele rN++ Str+4} (You found it on level 6 of the Dungeon)
  5781 | D:6      | Noticed Dowan
  5791 | D:6      | Noticed Duvessa
  5793 | D:6      | Killed Dowan
  5842 | D:6      | Killed Duvessa
  5935 | D:6      | Reached XP level 8. HP: 37/37 MP: 17/17
  5936 | D:6      | Reached skill level 8 in Charms
  6351 | D:6      | Found a burning altar of Makhleb.
  6570 | D:7      | Noticed Menkaure
  6581 | D:7      | Killed Menkaure
  6581 | D:7      | Reached skill level 9 in Charms
  6596 | D:7      | Noticed a hippogriff
  6634 | D:7      | HP: 1/37 [hippogriff (3)]
  6701 | D:7      | Killed a hippogriff
  6867 | D:7      | Found a runed door.
  6871 | D:7      | Noticed Crazy Yiuf
  6880 | D:7      | Killed Crazy Yiuf
  6982 | D:7      | Noticed a hippogriff
  6986 | D:7      | Slain by a hippogriff

Vault maps used:
D:1:      dpeg_arrival_solitude, serial_bayou_lagoon_a
D:2:      nicolae_qazlal_style_of_elements, kennysheep_another_room,
          uniq_natasha
D:3:      first_ration, minmay_misc_feat_x, minmay_stone_trees_small,
          small_statue_intersection, grunt_decor_mini_mirrors
D:4:      old_standard_altar, zin_purify, minmay_misc_feat_room
D:5:      lemuel_upstairs_altar, lemuel_crystal_altar, serial_shops,
          nicolae_shop_stone, corexii_shack
D:6:      nicolae_overflow_crystal_walls, uniq_duvessa
D:7:      nemelex_xobeh_ov_fountains_minmay, minmay_temple_entry_poolview,
          serial_shops, shop_statue, uniq_crazy_yiuf_cottage, uniq_menkaure

Skill      XL: |  1  2  3  4  5  6  7  8 |
---------------+-------------------------+-----
Dodging        | 4 5 |  5.2
Charms         | 5 6 7 9 |  9.3
Short Blades   | 3 4 5 6 |  6.6
Stealth        | 1 2 3 4 6 8 |  8.5
Spellcasting   | 3 4 5 7 |  7.1
Fighting       | |  1.5

Action                   |  1- 3 |  4- 6 |  7- 9 || total
-------------------------+-------+-------+-------++-------
Melee: Short sword       |    41 |       |       ||    41
       Dagger            |   101 |   270 |   118 ||   489
 Cast: Infusion          |     7 |    19 |    14 ||    40
       Regeneration      |       |     2 |     2 ||     4
Evoke: Wand              |       |     3 |    10 ||    13
  Use: Scroll            |     2 |     2 |     8 ||    12
 Stab: Sleeping          |     4 |     7 |     5 ||    16
  Eat: Ration            |       |     2 |     1 ||     3
Armor: Robe              |    16 |    14 |     6 ||    36
Dodge: Dodged            |   126 |   179 |    92 ||   397

Table legend:
 A = Spawn XP
 B = Non-spawn XP
 C = Spawn XP percentage of total XP
 D = Spawn monster count
 E = Non-spawn monster count
 F = Spawn count percentage of total count
 G = Total turns spent on level
                    A         B        C        D         E        F      G
               +---------+---------+-------+---------+---------+-------+---------
         Total |       0 |    2693 |   0.0 |       0 |     111 |   0.0 |  6986
               +---------+---------+-------+---------+---------+-------+---------
           D:1 |       0 |      32 |   0.0 |       0 |      15 |   0.0 |  1598
           D:2 |       0 |     303 |   0.0 |       0 |      16 |   0.0 |  1278
           D:3 |       0 |     139 |   0.0 |       0 |      26 |   0.0 |  1434
           D:4 |       0 |     162 |   0.0 |       0 |      11 |   0.0 |   784
           D:5 |       0 |     465 |   0.0 |       0 |      17 |   0.0 |   598
           D:6 |       0 |    1121 |   0.0 |       0 |      23 |   0.0 |   878
           D:7 |       0 |     471 |   0.0 |       0 |       3 |   0.0 |   416
               +---------+---------+-------+---------+---------+-------+---------
